MONTREAL vs WASHINGTON

Created - June 6, 2021 at 08:59

Goals
1 2 3 OT1 T
MONTREAL 1 1 0 1 3
WASHINGTON 1 1 0 0 2
Shots
1 2 3 OT1 T
MONTREAL 16 14 10 1 41
WASHINGTON 7 4 4 2 17

1st period

1. WASHINGTON , Blake Wheeler 22 (Justin Williams 11, Victor Hedman 54) at 5:31
2. MONTREAL , Max Pacioretty 21 (P.K. Subban 35, Nathan MacKinnon 37) at 7:18

Penalties :
Ryan Graves (WSH) for Interference (Minor) at 16:45

2nd period

3. MONTREAL , Joel Armia 7 (Mark Jankowski 8, Keith Yandle 35) at 6:20
4. WASHINGTON , Clayton Keller 22 (Brendan Gallagher 27, Ryan Graves 17) at 15:04

Penalties :
No Penalty

3rd period

No Goal

Penalties :
P.K. Subban (MON) for Roughing (Minor) at 11:24, Ryan Graves (WSH) for Slashing (Minor) at 13:55

Overtime #1

5. MONTREAL , Phillip Danault 20 (Connor Murphy 16, Brock McGinn 4) at 1:37

Penalties :
No Penalty

Goalie Stats

Robin Lehner (MON), 15 saves from 17 shots - (0.882), W, 32-29-6, 61:38 minutes
Carter Hart (WSH), 38 saves from 41 shots - (0.927), OTL, 33-22-8, 61:38 minutes

Players Stats for MONTREAL

Player Name              G  A  P  +/- PIM S  H  SB GA TA FO     MP     PP MP  PK MP  
------------------------------------------------------------------------------------
Adam Larsson             0  0  0  -1  0   1  2  1  0  0  0/0    20:47   1:42   1:09 
Alex Iafallo             0  0  0  -1  0   6  0  0  0  0  0/3    19:25   2:00   0:00 
Brock McGinn             0  1  1   1  0   0  1  0  0  0  0/1     7:43   0:00   0:00 
Connor Murphy            0  1  1   0  0   1  0  3  0  0  0/0    22:00   1:42   1:09 
Corey Perry              0  0  0   0  0   2  0  0  0  0  0/0     6:30   0:00   0:00 
Jacob de La Rose         0  0  0   0  0   0  0  0  0  0  0/0     0:00   0:00   0:00 
Joel Armia               1  0  1   0  0   7  3  0  0  0  1/3    16:33   0:00   0:00 
Keith Yandle             0  1  1   2  0   2  0  1  0  0  0/0    23:28   1:59   0:50 
Mark Jankowski           0  1  1   0  0   2  1  1  0  0  9/16   16:58   0:00   0:00 
Max Pacioretty           1  0  1   1  0   1  2  0  0  0  0/1    17:10   1:58   1:12 
Michael Grabner          0  0  0   0  0   0  0  0  0  0  1/1     0:55   0:00   0:00 
Nathan Beaulieu          0  0  0  -1  0   1  2  1  0  0  0/0    16:31   0:00   0:38 
Nathan MacKinnon         0  1  1   1  0   2  0  0  0  0  5/18   22:08   1:58   1:00 
Nino Niederreiter        0  0  0  -1  0   0  3  0  0  0  0/0    19:25   2:00   0:00 
P.K. Subban              0  1  1   2  2   4  3  0  0  0  0/0    22:29   2:16   0:00 
Phillip Danault          1  0  1   0  0   4  1  0  0  0  13/20  21:25   2:00   0:47 
Roope Hintz              0  0  0   0  0   6  2  0  0  0  0/1    16:33   0:00   0:00 
Sonny Milano             0  0  0   0  0   0  0  0  0  0  0/0     0:12   0:00   0:12 
Tony DeAngelo            0  0  0  -1  0   0  0  0  0  0  0/0    16:22   0:17   0:12 
Vincent Trocheck         0  0  0   1  0   2  3  0  0  0  0/1    16:20   1:58   0:47 

Players Stats for WASHINGTON

Player Name              G  A  P  +/- PIM S  H  SB GA TA FO     MP     PP MP  PK MP  
------------------------------------------------------------------------------------
Blake Wheeler            1  0  1   0  0   2  2  0  0  0  1/2    21:23   0:40   2:20 
Brayden Schenn           0  0  0  -1  0   1  1  1  0  0  2/2    18:58   1:19   1:11 
Brendan Gallagher        0  1  1   0  0   1  0  0  0  0  0/2    18:56   0:40   0:00 
Cal Clutterbuck          0  0  0   0  0   2  1  0  0  0  0/0     5:28   0:00   0:00 
Casey Cizikas            0  0  0   1  0   0  1  0  0  0  7/13   14:36   0:00   0:28 
Clayton Keller           1  0  1   0  0   3  0  0  0  0  0/1    19:14   0:40   0:18 
Damon Severson           0  0  0  -1  0   1  2  1  0  0  0/0    20:49   1:19   0:27 
Dylan DeMelo             0  0  0  -1  0   0  1  2  0  0  0/0    16:24   0:00   2:02 
Justin Williams          0  1  1   1  0   0  0  0  0  0  0/0    14:08   0:00   0:00 
Luke Glendening          0  0  0   0  0   0  0  0  0  0  4/6     5:56   0:00   0:28 
Matt Niskanen            0  0  0  -1  0   0  2  3  0  0  0/0    21:29   1:19   0:47 
Radko Gudas              0  0  0  -1  0   0  3  2  0  0  0/0    15:13   0:00   1:43 
Ryan Getzlaf             0  0  0  -1  0   3  5  0  0  0  4/15   22:24   0:40   0:32 
Ryan Graves              0  1  1   0  4   0  2  0  0  0  0/0    19:36   0:00   0:00 
Ryan O'Reilly            0  0  0  -1  0   3  0  0  0  0  18/24  19:17   1:19   1:47 
Victor Hedman            0  1  1   2  0   0  3  0  0  0  0/0    23:26   0:40   2:11 
Victor Mete              0  0  0   1  0   0  0  0  0  0  0/0     3:59   0:00   0:46 
Zach Parise              0  0  0  -1  0   1  1  0  0  0  0/0    19:38   1:19   0:52 

3 Stars

1 - Max Pacioretty (MON)
2 - Joel Armia (MON)
3 - Victor Hedman (WSH)

Power Play

MONTREAL - 0 on 2 Attempt(s) - 0.00%
WASHINGTON - 0 on 1 Attempt(s) - 0.00%

Penalty Kill

MONTREAL - 1 on 1 Attempt(s) - 100.00% - Score 0 goal in Penalty Kill
WASHINGTON - 2 on 2 Attempt(s) - 100.00% - Score 0 goal in Penalty Kill

Team Stat

MONTREAL - Hits : 23 - Faceoff Wins : 29 - Blocked Shots : 7 - Penalty Minutes : 2
WASHINGTON - Hits : 24 - Faceoff Wins : 36 - Blocked Shots : 9 - Penalty Minutes : 4

Official

Referees : Sean MacFarlane and Brandon Schrader
Linesman : Corey Leuders and Hani Anton

Game Notes

No Game Note

Finance

Level 1 -- Attendance: 5678 (94.63%) -- Ticket Income $471,274
Level 2 -- Attendance: 4593 (91.86%) -- Ticket Income $234,243
Level 3 -- Attendance: 2000 (100.00%) -- Ticket Income $52,000
Level 4 -- Attendance: 3978 (99.45%) -- Ticket Income $63,648
Luxury Box -- Attendance: 934 (93.40%) -- Ticket Income $158,780
Game was played at the Verizon Center.
Total Attendance: 17183 (95.46%)
Total Ticket Income: $979,945
Total Income: $979,945

MONTREAL

5 vs 5 Forward 
   Center                   Left Wing                Right Wing               Time % Phy DF OF 
 1 Nathan MacKinnon         Max Pacioretty           Vincent Trocheck         35     1   2  2  
 2 Phillip Danault          Nino Niederreiter        Alex Iafallo             30     1   2  2  
 3 Mark Jankowski           Roope Hintz              Joel Armia               25     1   2  2  
 4 Nathan MacKinnon         Brock McGinn             Corey Perry              10     1   2  2  

5 vs 5 Defense 
   Defense                  Defense                                           Time % Phy DF OF 
 1 Keith Yandle             P.K. Subban                                       35     1   2  2  
 2 Adam Larsson             Connor Murphy                                     30     1   2  2  
 3 Tony DeAngelo            Nathan Beaulieu                                   25     1   2  2  
 4 Keith Yandle             P.K. Subban                                       10     1   2  2  

PowerPlay Forward 
   Center                   Left Wing                Right Wing               Time % Phy DF OF 
 1 Nathan MacKinnon         Max Pacioretty           Vincent Trocheck         60     1   2  2  
 2 Phillip Danault          Nino Niederreiter        Alex Iafallo             40     1   2  2  

PowerPlay Defense
   Defense                  Defense                                           Time % Phy DF OF 
 1 Keith Yandle             P.K. Subban                                       60     1   2  2  
 2 Adam Larsson             Connor Murphy                                     40     1   2  2  

Penalty Kill 4 Players Forward 
   Center                   Wing                     Time % Phy DF OF 
 1 Nathan MacKinnon         Max Pacioretty           60     1   2  2  
 2 Vincent Trocheck         Phillip Danault          40     1   2  2  

Penalty Kill 4 Players Defense
   Defense                  Defense                  Time % Phy DF OF 
 1 Keith Yandle             P.K. Subban              60     1   2  2  
 2 Adam Larsson             Connor Murphy            40     1   2  2  

Penalty Kill - 3 Players Forward 
   Forward                                           Time % Phy DF OF 
 1 Nathan MacKinnon                                  60     1   2  2  
 2 Max Pacioretty                                    40     1   2  2  

Penalty Kill - 3 Players Defense
   Defense                  Defense                  Time % Phy DF OF 
 1 Keith Yandle             P.K. Subban              60     1   2  2  
 2 Adam Larsson             Connor Murphy            40     1   2  2  

4 vs 4 Forward 
   Center                   Wing                     Time % Phy DF OF 
 1 Nathan MacKinnon         Max Pacioretty           60     1   2  2  
 2 Vincent Trocheck         Phillip Danault          40     1   2  2  

4 vs 4 Defense
   Defense                  Defense                  Time % Phy DF OF 
 1 Keith Yandle             P.K. Subban              60     1   2  2  
 2 Adam Larsson             Connor Murphy            40     1   2  2  

Last Minutes Offensive
   Center                   Left Wing                Right Wing               Defense                  Defense                  
   Nathan MacKinnon         Max Pacioretty           Vincent Trocheck         Keith Yandle             P.K. Subban              

Last Minutes Defensive
   Center                   Left Wing                Right Wing               Defense                  Defense                  
   Nathan MacKinnon         Max Pacioretty           Vincent Trocheck         Keith Yandle             P.K. Subban              

Goaltenders
Starting : Robin Lehner             
Backup : Anton Khudobin           

Extra Forwards
Normal : Michael Grabner, Jacob de La Rose, Sonny Milano - PP : Michael Grabner, Jacob de La Rose - PK : Sonny Milano
Extra Defensemen
Normal : Tony DeAngelo, Nathan Beaulieu, Adam Larsson - PP : Tony DeAngelo - PK : Nathan Beaulieu, Adam Larsson
Penalty Shots
Nathan MacKinnon, Max Pacioretty, Vincent Trocheck, Phillip Danault, Nino Niederreiter

Scratches
MTL Cap Hit (Suspend)

WASHINGTON

5 vs 5 Forward 
   Center                   Left Wing                Right Wing               Time % Phy DF OF 
 1 Ryan Getzlaf             Clayton Keller           Brendan Gallagher        35     0   2  3  
 2 Ryan O'Reilly            Brayden Schenn           Zach Parise              30     0   3  2  
 3 Casey Cizikas            Blake Wheeler            Justin Williams          25     1   3  1  
 4 Luke Glendening          Blake Wheeler            Cal Clutterbuck          10     1   3  1  

5 vs 5 Defense 
   Defense                  Defense                                           Time % Phy DF OF 
 1 Victor Hedman            Ryan Graves                                       45     0   3  2  
 2 Matt Niskanen            Damon Severson                                    40     0   2  3  
 3 Radko Gudas              Dylan DeMelo                                      14     1   3  1  
 4 Victor Hedman            Victor Mete                                       1      0   3  2  

PowerPlay Forward 
   Center                   Left Wing                Right Wing               Time % Phy DF OF 
 1 Ryan O'Reilly            Brayden Schenn           Zach Parise              50     0   0  5  
 2 Ryan Getzlaf             Clayton Keller           Brendan Gallagher        50     0   0  5  

PowerPlay Defense
   Defense                  Defense                                           Time % Phy DF OF 
 1 Victor Hedman            Blake Wheeler                                     50     0   0  5  
 2 Matt Niskanen            Damon Severson                                    50     0   0  5  

Penalty Kill 4 Players Forward 
   Center                   Wing                     Time % Phy DF OF 
 1 Ryan O'Reilly            Blake Wheeler            65     0   4  1  
 2 Luke Glendening          Casey Cizikas            35     0   4  1  

Penalty Kill 4 Players Defense
   Defense                  Defense                  Time % Phy DF OF 
 1 Victor Hedman            Ryan Graves              65     0   5  0  
 2 Matt Niskanen            Damon Severson           35     0   5  0  

Penalty Kill - 3 Players Forward 
   Forward                                           Time % Phy DF OF 
 1 Ryan O'Reilly                                     65     0   5  0  
 2 Ryan Getzlaf                                      35     0   5  0  

Penalty Kill - 3 Players Defense
   Defense                  Defense                  Time % Phy DF OF 
 1 Victor Hedman            Ryan Graves              65     0   5  0  
 2 Matt Niskanen            Damon Severson           35     0   5  0  

4 vs 4 Forward 
   Center                   Wing                     Time % Phy DF OF 
 1 Ryan O'Reilly            Zach Parise              50     0   2  3  
 2 Brayden Schenn           Blake Wheeler            50     0   2  3  

4 vs 4 Defense
   Defense                  Defense                  Time % Phy DF OF 
 1 Victor Hedman            Ryan Graves              50     0   3  2  
 2 Matt Niskanen            Damon Severson           50     0   2  3  

Last Minutes Offensive
   Center                   Left Wing                Right Wing               Defense                  Defense                  
   Ryan Getzlaf             Clayton Keller           Brendan Gallagher        Victor Hedman            Matt Niskanen            

Last Minutes Defensive
   Center                   Left Wing                Right Wing               Defense                  Defense                  
   Ryan O'Reilly            Brayden Schenn           Blake Wheeler            Victor Hedman            Ryan Graves              

Goaltenders
Starting : Carter Hart              
Backup : Carter Hutton            

Extra Forwards
Normal : Blake Wheeler, Ryan O'Reilly, Zach Parise - PP : Justin Williams, Casey Cizikas - PK : Ryan Getzlaf
Extra Defensemen
Normal : Victor Hedman, Matt Niskanen, Damon Severson - PP : Victor Mete - PK : Radko Gudas, Dylan DeMelo
Penalty Shots
Ryan Getzlaf, Zach Parise, Justin Williams, Blake Wheeler, Ryan O'Reilly

Scratches
WSH Cap Hit (Suspend), Sam Bennett (Healthy), Martin Frk (Healthy)

% Time on Ice - MONTREAL

Lines # - Real PCT - Wanted PCT - Time Play
Normal Forward
1 - 25% - 35% - 13:35
2 - 32% - 30% - 17:25
3 - 31% - 25% - 16:33
4 - 12% - 10% - 6:30
Normal Defense
1 - 32% - 35% - 17:16
2 - 33% - 30% - 17:56
3 - 29% - 25% - 15:53
4 - 5% - 10% - 2:58
PP Forward
1 - 50% - 60% - 1:58
2 - 50% - 40% - 2:00
PP Defense
1 - 57% - 60% - 2:16
2 - 43% - 40% - 1:42
PK Forward
1 - 61% - 60% - 1:12
2 - 39% - 40% - 0:47
PK Defense
1 - 42% - 60% - 0:50
2 - 58% - 40% - 1:09
PK3 Forward
1 - 0% - 60%
2 - 0% - 40%
PK3 Defense
1 - 0% - 60%
2 - 0% - 40%
44 Forward
1 - 0% - 60%
2 - 0% - 40%
44 Defense
1 - 0% - 60%
2 - 0% - 40%
Last Minute Offensive  - 0:00
Last Minute Defensive  - 0:00
Total
Forward - 60:00
Defense - 60:00

% Time on Ice - WASHINGTON

Lines # - Real PCT - Wanted PCT - Time Play
Normal Forward
1 - 34% - 35% - 18:16
2 - 30% - 30% - 16:11
3 - 26% - 25% - 14:08
4 - 10% - 10% - 5:28
Normal Defense
1 - 34% - 45% - 18:17
2 - 35% - 40% - 19:03
3 - 25% - 14% - 13:30
4 - 6% - 1% - 3:13
PP Forward
1 - 66% - 50% - 1:19
2 - 34% - 50% - 0:40
PP Defense
1 - 34% - 50% - 0:40
2 - 66% - 50% - 1:19
PK Forward
1 - 88% - 65% - 3:30
2 - 12% - 35% - 0:28
PK Defense
1 - 89% - 65% - 3:31
2 - 11% - 35% - 0:27
PK3 Forward
1 - 0% - 65%
2 - 0% - 35%
PK3 Defense
1 - 0% - 65%
2 - 0% - 35%
44 Forward
1 - 0% - 50%
2 - 0% - 50%
44 Defense
1 - 0% - 50%
2 - 0% - 50%
Last Minute Offensive  - 0:00
Last Minute Defensive  - 0:00
Total
Forward - 60:00
Defense - 60:00

Play-by-Play

1st period


0:01 of 1st period - Ryan Getzlaf wins face-off versus Vincent Trocheck in neutral zone.
0:24 of 1st period - Shot by Nathan MacKinnon.
0:24 of 1st period - Shot Misses the Net.
1:04 of 1st period - Shot by Alex Iafallo.
1:04 of 1st period - Stopped by Carter Hart without a rebound.
1:05 of 1st period - Joel Armia wins face-off versus Ryan O'Reilly in WASHINGTON zone.
1:10 of 1st period - Shot by Joel Armia.
1:10 of 1st period - Stopped by Carter Hart with a rebound.
1:17 of 1st period - Icing by Tony DeAngelo.
1:18 of 1st period - Casey Cizikas wins face-off versus Mark Jankowski in MONTREAL zone.
1:24 of 1st period - Icing by Mark Jankowski.
1:25 of 1st period - Casey Cizikas wins face-off versus Joel Armia in MONTREAL zone.
1:25 of 1st period - Casey Cizikas is hit by Nathan Beaulieu.
1:50 of 1st period - Roope Hintz is hit by Matt Niskanen and loses puck.
2:13 of 1st period - Shot by Nino Niederreiter.
2:13 of 1st period - Shot Misses the Net.
2:17 of 1st period - Shot by Alex Iafallo.
2:17 of 1st period - Stopped by Carter Hart without a rebound.
2:18 of 1st period - Ryan O'Reilly wins face-off versus Nathan MacKinnon in WASHINGTON zone.
2:38 of 1st period - Dylan DeMelo is hit by Brock McGinn.
2:56 of 1st period - Shot by Nathan MacKinnon.
2:56 of 1st period - Shot Blocked by Brayden Schenn.
3:09 of 1st period - Ryan O'Reilly is hit by Adam Larsson and loses puck.
3:43 of 1st period - Shot by Phillip Danault.
3:43 of 1st period - Stopped by Carter Hart without a rebound.
3:44 of 1st period - Mark Jankowski wins face-off versus Luke Glendening in WASHINGTON zone.
3:45 of 1st period - Shot by Joel Armia.
3:45 of 1st period - Shot Misses the Net.
4:05 of 1st period - Luke Glendening is hit by Roope Hintz and loses puck.
4:50 of 1st period - Shot by Clayton Keller.
4:50 of 1st period - Deflect By Ryan Getzlaf.
4:50 of 1st period - Shot Blocked by Nathan Beaulieu.
5:29 of 1st period - Shot by Justin Williams.
5:29 of 1st period - Shot Misses the Net.
5:31 of 1st period - Shot by Blake Wheeler.
5:31 of 1st period - Goal by Blake Wheeler - MONTREAL : 0 - WASHINGTON : 1.
5:32 of 1st period - Casey Cizikas wins face-off versus Nathan MacKinnon in neutral zone.
5:48 of 1st period - Nathan MacKinnon is hit by Casey Cizikas.
6:00 of 1st period - Shot by Vincent Trocheck.
6:00 of 1st period - Stopped by Carter Hart without a rebound.
6:01 of 1st period - Ryan O'Reilly wins face-off versus Phillip Danault in WASHINGTON zone.
6:01 of 1st period - Ryan O'Reilly is hit by Nino Niederreiter.
6:38 of 1st period - Shot by Zach Parise.
6:38 of 1st period - Stopped by Robin Lehner without a rebound.
6:39 of 1st period - Nathan MacKinnon wins face-off versus Clayton Keller in MONTREAL zone.
7:11 of 1st period - Nathan MacKinnon is hit by Radko Gudas and loses puck.
7:14 of 1st period - Shot by Nathan MacKinnon.
7:14 of 1st period - Shot Misses the Net.
7:16 of 1st period - Shot by P.K. Subban.
7:16 of 1st period - Shot Blocked by Dylan DeMelo.
7:18 of 1st period - Shot by Max Pacioretty.
7:18 of 1st period - Goal by Max Pacioretty - MONTREAL : 1 - WASHINGTON : 1.
7:19 of 1st period - Casey Cizikas wins face-off versus Alex Iafallo in neutral zone.
7:42 of 1st period - Victor Hedman is hit by Nino Niederreiter.
8:25 of 1st period - Shot by Brock McGinn.
8:25 of 1st period - Shot Blocked by Matt Niskanen.
8:27 of 1st period - Shot by P.K. Subban.
8:27 of 1st period - Stopped by Carter Hart without a rebound.
8:28 of 1st period - Mark Jankowski wins face-off versus Brendan Gallagher in WASHINGTON zone.
8:41 of 1st period - Shot by Clayton Keller.
8:41 of 1st period - Stopped by Robin Lehner without a rebound.
8:42 of 1st period - Ryan O'Reilly wins face-off versus Nathan MacKinnon in MONTREAL zone.
9:17 of 1st period - Shot by Ryan O'Reilly.
9:17 of 1st period - Shot Misses the Net.
9:19 of 1st period - Shot by Damon Severson.
9:19 of 1st period - Shot Misses the Net.
9:21 of 1st period - Shot by Ryan O'Reilly.
9:21 of 1st period - Stopped by Robin Lehner without a rebound.
9:22 of 1st period - Phillip Danault wins face-off versus Ryan Getzlaf in MONTREAL zone.
9:44 of 1st period - Keith Yandle is hit by Victor Hedman and loses puck.
10:09 of 1st period - Icing by Ryan Graves.
10:10 of 1st period - Mark Jankowski wins face-off versus Ryan Getzlaf in WASHINGTON zone.
10:21 of 1st period - Shot by Roope Hintz.
10:21 of 1st period - Deflect By Joel Armia.
10:21 of 1st period - Shot Misses the Net.
10:23 of 1st period - Shot by Roope Hintz.
10:23 of 1st period - Stopped by Carter Hart without a rebound.
10:24 of 1st period - Luke Glendening wins face-off versus Nathan MacKinnon in WASHINGTON zone.
10:51 of 1st period - Shot by Blake Wheeler.
10:51 of 1st period - Stopped by Robin Lehner with a rebound.
10:53 of 1st period - Shot by Cal Clutterbuck.
10:53 of 1st period - Shot Misses the Net.
10:55 of 1st period - Shot by Luke Glendening.
10:55 of 1st period - Deflect By Cal Clutterbuck.
10:55 of 1st period - Stopped by Robin Lehner without a rebound.
10:56 of 1st period - Ryan O'Reilly wins face-off versus Joel Armia in MONTREAL zone.
10:57 of 1st period - Shot by Zach Parise.
10:57 of 1st period - Shot Blocked by Keith Yandle.
11:15 of 1st period - Shot by Joel Armia.
11:15 of 1st period - Stopped by Carter Hart without a rebound.
11:16 of 1st period - Casey Cizikas wins face-off versus Phillip Danault in WASHINGTON zone.
12:24 of 1st period - Vincent Trocheck is hit by Damon Severson and loses puck.
12:27 of 1st period - Shot by Nathan MacKinnon.
12:27 of 1st period - Stopped by Carter Hart without a rebound.
12:28 of 1st period - Ryan O'Reilly wins face-off versus Mark Jankowski in WASHINGTON zone.
13:00 of 1st period - Zach Parise is hit by Joel Armia and loses puck.
13:48 of 1st period - Shot by Ryan Getzlaf.
13:48 of 1st period - Stopped by Robin Lehner without a rebound.
13:49 of 1st period - Phillip Danault wins face-off versus Luke Glendening in MONTREAL zone.
13:51 of 1st period - Icing by Tony DeAngelo.
13:52 of 1st period - Casey Cizikas wins face-off versus Phillip Danault in MONTREAL zone.
14:11 of 1st period - Shot by Alex Iafallo.
14:11 of 1st period - Stopped by Carter Hart with a rebound.
14:13 of 1st period - Shot by Alex Iafallo.
14:13 of 1st period - Shot Misses the Net.
14:15 of 1st period - Shot by Alex Iafallo.
14:15 of 1st period - Shot Misses the Net.
14:17 of 1st period - Shot by Alex Iafallo.
14:17 of 1st period - Stopped by Carter Hart without a rebound.
14:18 of 1st period - Ryan Getzlaf wins face-off versus Nathan MacKinnon in WASHINGTON zone.
14:18 of 1st period - Ryan Getzlaf is hit by Max Pacioretty.
15:35 of 1st period - Icing by Matt Niskanen.
15:36 of 1st period - Mark Jankowski wins face-off versus Ryan Getzlaf in WASHINGTON zone.
16:17 of 1st period - Damon Severson is hit by Roope Hintz and loses puck.
16:45 of 1st period - Minor Penalty to Ryan Graves for Interference.
16:46 of 1st period - Phillip Danault wins face-off versus Ryan O'Reilly in WASHINGTON zone.
16:47 of 1st period - Shot by Adam Larsson.
16:47 of 1st period - Stopped by Carter Hart with a rebound.
17:53 of 1st period - Shot by P.K. Subban.
17:53 of 1st period - Stopped by Carter Hart without a rebound.
17:54 of 1st period - Brayden Schenn wins face-off versus Nathan MacKinnon in WASHINGTON zone.
17:54 of 1st period - Brayden Schenn is hit by Vincent Trocheck.
18:49 of 1st period - Matt Niskanen is hit by Joel Armia and loses puck.
19:00 of 1st period - Shot by Mark Jankowski.
19:00 of 1st period - Deflect By Roope Hintz.
19:00 of 1st period - Shot Misses the Net.
19:02 of 1st period - Shot by Nathan Beaulieu.
19:02 of 1st period - Shot Misses the Net.
19:04 of 1st period - Shot by Joel Armia.
19:04 of 1st period - Stopped by Carter Hart without a rebound.
19:05 of 1st period - Phillip Danault wins face-off versus Casey Cizikas in WASHINGTON zone.
19:14 of 1st period - Shot by Alex Iafallo.
19:14 of 1st period - Stopped by Carter Hart with a rebound.
19:16 of 1st period - Shot by Phillip Danault.
19:16 of 1st period - Shot Misses the Net.
19:18 of 1st period - Shot by Alex Iafallo.
19:18 of 1st period - Shot Misses the Net.
Goals for this period are 1 for MONTREAL vs 1 for WASHINGTON.
Shots for this period are 16 for MONTREAL vs 7 for WASHINGTON.

2nd period


0:01 of 2nd period - Ryan O'Reilly wins face-off versus Nathan MacKinnon in neutral zone.
1:12 of 2nd period - Damon Severson is hit by Nino Niederreiter and loses puck.
1:37 of 2nd period - Nino Niederreiter is hit by Ryan Getzlaf and loses puck.
1:47 of 2nd period - Icing by Connor Murphy.
1:48 of 2nd period - Phillip Danault wins face-off versus Ryan Getzlaf in MONTREAL zone.
2:13 of 2nd period - Shot by Brendan Gallagher.
2:13 of 2nd period - Shot Misses the Net.
3:12 of 2nd period - Corey Perry is hit by Matt Niskanen and loses puck.
4:47 of 2nd period - Icing by Ryan Graves.
4:48 of 2nd period - Luke Glendening wins face-off versus Nathan MacKinnon in WASHINGTON zone.
5:12 of 2nd period - Damon Severson is hit by P.K. Subban and loses puck.
5:21 of 2nd period - Shot by Damon Severson.
5:21 of 2nd period - Shot Misses the Net.
5:41 of 2nd period - Shot by Ryan O'Reilly.
5:41 of 2nd period - Stopped by Robin Lehner without a rebound.
5:42 of 2nd period - Mark Jankowski wins face-off versus Casey Cizikas in MONTREAL zone.
5:44 of 2nd period - Icing by Tony DeAngelo.
5:45 of 2nd period - Mark Jankowski wins face-off versus Casey Cizikas in MONTREAL zone.
5:47 of 2nd period - Icing by Joel Armia.
5:48 of 2nd period - Mark Jankowski wins face-off versus Casey Cizikas in MONTREAL zone.
5:53 of 2nd period - Shot by Joel Armia.
5:53 of 2nd period - Stopped by Carter Hart without a rebound.
5:54 of 2nd period - Ryan O'Reilly wins face-off versus Mark Jankowski in WASHINGTON zone.
5:58 of 2nd period - Icing by Matt Niskanen.
5:59 of 2nd period - Mark Jankowski wins face-off versus Ryan O'Reilly in WASHINGTON zone.
6:20 of 2nd period - Shot by Joel Armia.
6:20 of 2nd period - Goal by Joel Armia - MONTREAL : 2 - WASHINGTON : 1.
6:21 of 2nd period - Nathan MacKinnon wins face-off versus Ryan Getzlaf in neutral zone.
6:21 of 2nd period - Nathan MacKinnon is hit by Ryan Getzlaf.
7:32 of 2nd period - Shot by Casey Cizikas.
7:32 of 2nd period - Shot Misses the Net.
8:10 of 2nd period - Shot by Joel Armia.
8:10 of 2nd period - Stopped by Carter Hart without a rebound.
8:11 of 2nd period - Ryan O'Reilly wins face-off versus Mark Jankowski in WASHINGTON zone.
8:16 of 2nd period - Shot by Roope Hintz.
8:16 of 2nd period - Shot Misses the Net.
8:34 of 2nd period - Roope Hintz is hit by Radko Gudas and loses puck.
8:45 of 2nd period - Nathan Beaulieu is hit by Zach Parise and loses puck.
9:28 of 2nd period - Shot by Corey Perry.
9:28 of 2nd period - Stopped by Carter Hart without a rebound.
9:29 of 2nd period - Luke Glendening wins face-off versus Phillip Danault in WASHINGTON zone.
9:45 of 2nd period - Icing by P.K. Subban.
9:46 of 2nd period - Ryan O'Reilly wins face-off versus Phillip Danault in MONTREAL zone.
10:06 of 2nd period - Shot by Ryan O'Reilly.
10:06 of 2nd period - Stopped by Robin Lehner with a rebound.
10:53 of 2nd period - Icing by Max Pacioretty.
10:54 of 2nd period - Nathan MacKinnon wins face-off versus Blake Wheeler in MONTREAL zone.
11:09 of 2nd period - Shot by Max Pacioretty.
11:09 of 2nd period - Shot Misses the Net.
11:50 of 2nd period - Shot by Roope Hintz.
11:50 of 2nd period - Stopped by Carter Hart with a rebound.
11:52 of 2nd period - Shot by Mark Jankowski.
11:52 of 2nd period - Stopped by Carter Hart with a rebound.
11:54 of 2nd period - Shot by Roope Hintz.
11:54 of 2nd period - Shot Misses the Net.
13:34 of 2nd period - Off-side.
13:35 of 2nd period - Ryan O'Reilly wins face-off versus Mark Jankowski in neutral zone.
13:51 of 2nd period - Roope Hintz is hit by Brayden Schenn and loses puck.
13:55 of 2nd period - Mark Jankowski is hit by Damon Severson.
14:46 of 2nd period - Shot by Max Pacioretty.
14:46 of 2nd period - Deflect By Nathan MacKinnon.
14:46 of 2nd period - Stopped by Carter Hart without a rebound.
14:47 of 2nd period - Phillip Danault wins face-off versus Ryan Getzlaf in WASHINGTON zone.
14:53 of 2nd period - Alex Iafallo is hit by Victor Hedman and loses puck.
15:04 of 2nd period - Shot by Clayton Keller.
15:04 of 2nd period - Goal by Clayton Keller - MONTREAL : 2 - WASHINGTON : 2.
15:05 of 2nd period - Blake Wheeler wins face-off versus Brock McGinn in neutral zone.
15:30 of 2nd period - Shot by Nathan MacKinnon.
15:30 of 2nd period - Deflect By Brock McGinn.
15:30 of 2nd period - Shot Misses the Net.
15:32 of 2nd period - Shot by Keith Yandle.
15:32 of 2nd period - Stopped by Carter Hart without a rebound.
15:33 of 2nd period - Phillip Danault wins face-off versus Ryan O'Reilly in WASHINGTON zone.
15:44 of 2nd period - Shot by Connor Murphy.
15:44 of 2nd period - Stopped by Carter Hart with a rebound.
16:06 of 2nd period - Shot by Nino Niederreiter.
16:06 of 2nd period - Shot Misses the Net.
16:42 of 2nd period - Shot by Ryan Getzlaf.
16:42 of 2nd period - Shot Misses the Net.
16:44 of 2nd period - Shot by Ryan Getzlaf.
16:44 of 2nd period - Stopped by Robin Lehner without a rebound.
16:45 of 2nd period - Casey Cizikas wins face-off versus Nathan MacKinnon in MONTREAL zone.
16:45 of 2nd period - Casey Cizikas is hit by Nathan Beaulieu.
17:09 of 2nd period - Shot by Vincent Trocheck.
17:09 of 2nd period - Shot Blocked by Matt Niskanen.
17:55 of 2nd period - Shot by Roope Hintz.
17:55 of 2nd period - Stopped by Carter Hart without a rebound.
17:56 of 2nd period - Ryan Getzlaf wins face-off versus Alex Iafallo in WASHINGTON zone.
18:37 of 2nd period - Shot by Brendan Gallagher.
18:37 of 2nd period - Shot Blocked by Connor Murphy.
18:51 of 2nd period - Victor Hedman is hit by Mark Jankowski and loses puck.
19:07 of 2nd period - Brendan Gallagher is hit by Joel Armia and loses puck.
19:18 of 2nd period - Shot by Joel Armia.
19:18 of 2nd period - Stopped by Carter Hart with a rebound.
19:20 of 2nd period - Shot by Mark Jankowski.
19:20 of 2nd period - Stopped by Carter Hart with a rebound.
19:22 of 2nd period - Shot by P.K. Subban.
19:22 of 2nd period - Stopped by Carter Hart with a rebound.
19:24 of 2nd period - Shot by Mark Jankowski.
19:24 of 2nd period - Shot Misses the Net.
19:26 of 2nd period - Shot by Roope Hintz.
19:26 of 2nd period - Stopped by Carter Hart without a rebound.
19:27 of 2nd period - Ryan O'Reilly wins face-off versus Nathan MacKinnon in WASHINGTON zone.
19:52 of 2nd period - Shot by Nathan MacKinnon.
19:52 of 2nd period - Shot Misses the Net.
Goals for this period are 1 for MONTREAL vs 1 for WASHINGTON.
Shots for this period are 14 for MONTREAL vs 4 for WASHINGTON.

3rd period


0:01 of 3rd period - Ryan O'Reilly wins face-off versus Nathan MacKinnon in neutral zone.
1:31 of 3rd period - Icing by Alex Iafallo.
1:32 of 3rd period - Phillip Danault wins face-off versus Casey Cizikas in MONTREAL zone.
2:55 of 3rd period - Shot by Max Pacioretty.
2:55 of 3rd period - Shot Blocked by Matt Niskanen.
3:24 of 3rd period - Nino Niederreiter is hit by Ryan Graves and loses puck.
3:45 of 3rd period - Phillip Danault is hit by Ryan Graves and loses puck.
4:44 of 3rd period - Icing by P.K. Subban.
4:45 of 3rd period - Nathan MacKinnon wins face-off versus Ryan Getzlaf in MONTREAL zone.
4:51 of 3rd period - Nathan MacKinnon is hit by Ryan Getzlaf and loses puck.
5:37 of 3rd period - Zach Parise is hit by P.K. Subban and loses puck.
5:51 of 3rd period - Victor Hedman is hit by P.K. Subban and loses puck.
6:47 of 3rd period - Shot by Blake Wheeler.
6:47 of 3rd period - Shot Blocked by Adam Larsson.
7:13 of 3rd period - Shot by Clayton Keller.
7:13 of 3rd period - Stopped by Robin Lehner without a rebound.
7:14 of 3rd period - Luke Glendening wins face-off versus Roope Hintz in MONTREAL zone.
7:31 of 3rd period - Tony DeAngelo is hit by Cal Clutterbuck and loses puck.
7:36 of 3rd period - Shot by Victor Hedman.
7:36 of 3rd period - Shot Misses the Net.
7:38 of 3rd period - Shot by Cal Clutterbuck.
7:38 of 3rd period - Stopped by Robin Lehner without a rebound.
7:39 of 3rd period - Michael Grabner wins face-off versus Ryan O'Reilly in MONTREAL zone.
8:42 of 3rd period - Victor Hedman is hit by Adam Larsson and loses puck.
9:05 of 3rd period - Shot by Roope Hintz.
9:05 of 3rd period - Stopped by Carter Hart with a rebound.
9:35 of 3rd period - Shot by Keith Yandle.
9:35 of 3rd period - Shot Blocked by Radko Gudas.
9:41 of 3rd period - Phillip Danault is hit by Blake Wheeler.
10:58 of 3rd period - Shot by Nathan Beaulieu.
10:58 of 3rd period - Stopped by Carter Hart without a rebound.
10:59 of 3rd period - Ryan O'Reilly wins face-off versus Max Pacioretty in WASHINGTON zone.
10:59 of 3rd period - Ryan O'Reilly is hit by Vincent Trocheck.
11:15 of 3rd period - Shot by Damon Severson.
11:15 of 3rd period - Stopped by Robin Lehner without a rebound.
11:16 of 3rd period - Phillip Danault wins face-off versus Ryan Getzlaf in MONTREAL zone.
11:16 of 3rd period - Phillip Danault is hit by Ryan Getzlaf.
11:22 of 3rd period - Phillip Danault is hit by Ryan Getzlaf and loses puck.
11:24 of 3rd period - Minor Penalty to P.K. Subban for Roughing.
11:25 of 3rd period - Ryan O'Reilly wins face-off versus Nathan MacKinnon in MONTREAL zone.
11:36 of 3rd period - Shot by Ryan O'Reilly.
11:36 of 3rd period - Shot Misses the Net.
12:30 of 3rd period - Shot by Clayton Keller.
12:30 of 3rd period - Shot Blocked by Connor Murphy.
12:44 of 3rd period - Shot by Brendan Gallagher.
12:44 of 3rd period - Shot Blocked by Connor Murphy.
12:56 of 3rd period - Matt Niskanen is hit by Vincent Trocheck and loses puck.
13:54 of 3rd period - Roope Hintz is hit by Victor Hedman and loses puck.
13:55 of 3rd period - Minor Penalty to Ryan Graves for Slashing.
13:56 of 3rd period - Ryan O'Reilly wins face-off versus Alex Iafallo in WASHINGTON zone.
14:21 of 3rd period - Shot by Keith Yandle.
14:21 of 3rd period - Deflect By Alex Iafallo.
14:21 of 3rd period - Stopped by Carter Hart with a rebound.
14:23 of 3rd period - Shot by Keith Yandle.
14:23 of 3rd period - Stopped by Carter Hart with a rebound.
14:25 of 3rd period - Shot by P.K. Subban.
14:25 of 3rd period - Shot Blocked by Radko Gudas.
15:30 of 3rd period - Alex Iafallo is hit by Dylan DeMelo and loses puck.
15:37 of 3rd period - Shot by P.K. Subban.
15:37 of 3rd period - Stopped by Carter Hart without a rebound.
15:38 of 3rd period - Ryan O'Reilly wins face-off versus Nathan MacKinnon in WASHINGTON zone.
15:47 of 3rd period - Matt Niskanen is hit by Max Pacioretty and loses puck.
16:20 of 3rd period - Shot by Ryan Getzlaf.
16:20 of 3rd period - Deflect By Brendan Gallagher.
16:20 of 3rd period - Stopped by Robin Lehner with a rebound.
16:37 of 3rd period - Joel Armia is hit by Radko Gudas and loses puck.
16:49 of 3rd period - Nathan MacKinnon is hit by Blake Wheeler and loses puck.
16:58 of 3rd period - Shot by Nathan MacKinnon.
16:58 of 3rd period - Shot Blocked by Dylan DeMelo.
17:10 of 3rd period - Shot by Corey Perry.
17:10 of 3rd period - Stopped by Carter Hart without a rebound.
17:11 of 3rd period - Phillip Danault wins face-off versus Ryan O'Reilly in WASHINGTON zone.
17:22 of 3rd period - Shot by Phillip Danault.
17:22 of 3rd period - Stopped by Carter Hart without a rebound.
17:23 of 3rd period - Ryan O'Reilly wins face-off versus Phillip Danault in WASHINGTON zone.
17:23 of 3rd period - Ryan O'Reilly is hit by Phillip Danault.
17:31 of 3rd period - Shot by Phillip Danault.
17:31 of 3rd period - Shot Misses the Net.
17:35 of 3rd period - Shot by Nino Niederreiter.
17:35 of 3rd period - Shot Blocked by Damon Severson.
17:57 of 3rd period - Shot by Phillip Danault.
17:57 of 3rd period - Stopped by Carter Hart without a rebound.
17:58 of 3rd period - Nathan MacKinnon wins face-off versus Brendan Gallagher in WASHINGTON zone.
18:22 of 3rd period - Icing by Ryan Graves.
18:23 of 3rd period - Mark Jankowski wins face-off versus Ryan Getzlaf in WASHINGTON zone.
18:26 of 3rd period - Shot by Roope Hintz.
18:26 of 3rd period - Stopped by Carter Hart without a rebound.
18:27 of 3rd period - Ryan O'Reilly wins face-off versus Mark Jankowski in WASHINGTON zone.
18:39 of 3rd period - Shot by Ryan O'Reilly.
18:39 of 3rd period - Shot Misses the Net.
19:36 of 3rd period - Shot by Vincent Trocheck.
19:36 of 3rd period - Shot Misses the Net.
19:38 of 3rd period - Shot by Vincent Trocheck.
19:38 of 3rd period - Stopped by Carter Hart without a rebound.
19:39 of 3rd period - Phillip Danault wins face-off versus Casey Cizikas in WASHINGTON zone.
Goals for this period are 0 for MONTREAL vs 0 for WASHINGTON.
Shots for this period are 10 for MONTREAL vs 4 for WASHINGTON.

Overtime #1


0:01 of 1st overtime period - Ryan Getzlaf wins face-off versus Phillip Danault in neutral zone.
0:06 of 1st overtime period - Shot by Blake Wheeler.
0:06 of 1st overtime period - Shot Misses the Net.
0:55 of 1st overtime period - Icing by Keith Yandle.
0:56 of 1st overtime period - Brayden Schenn wins face-off versus Mark Jankowski in MONTREAL zone.
0:57 of 1st overtime period - Shot by Blake Wheeler.
0:57 of 1st overtime period - Shot Blocked by Mark Jankowski.
1:07 of 1st overtime period - Shot by Blake Wheeler.
1:07 of 1st overtime period - Shot Misses the Net.
1:09 of 1st overtime period - Shot by Brayden Schenn.
1:09 of 1st overtime period - Stopped by Robin Lehner without a rebound.
1:10 of 1st overtime period - Phillip Danault wins face-off versus Ryan Getzlaf in MONTREAL zone.
1:27 of 1st overtime period - Shot by Ryan Getzlaf.
1:27 of 1st overtime period - Stopped by Robin Lehner without a rebound.
1:28 of 1st overtime period - Phillip Danault wins face-off versus Ryan Getzlaf in MONTREAL zone.
1:37 of 1st overtime period - Shot by Phillip Danault.
1:37 of 1st overtime period - Goal by Phillip Danault - MONTREAL : 3 - WASHINGTON : 2.
Goals for this period are 1 for MONTREAL vs 0 for WASHINGTON.
Shots for this period are 1 for MONTREAL vs 2 for WASHINGTON.